 Dungeon Crawl Stone Soup version 0.29-a0-483-g69413ac (webtiles) character file.

Game seed: 18200606031389164388

4652 Toastz the Markself (level 10, -4/52 HPs)
             Began as a Deep Elf Arcane Marksman on May 25, 2022.
             Was a Follower of Hepliaklqana.
             Slain by a yak (13 damage)
             ... on level 9 of the Dungeon.
             The game lasted 00:25:53 (10430 turns).

Toastz the Markself (Deep Elf Arcane Marksman)     Turns: 10430, Time: 00:25:54

Health: -4/52      AC:  9    Str:  7    XL:     10   Next: 20%
Magic:  18/18      EV: 16    Int: 19    God:    Hepliaklqana [*.....]
Gold:   403        SH:  0    Dex: 19    Spells: 8/17 levels left

rFire   . . .      SeeInvis .   a - +2 longbow (vorpal)
rCold   + . .      Faith    .   (shield currently unavailable)
rNeg    . . .      Spirit   .   L - +3 leather armour {Will+}
rPois   .          Reflect  .   g - +0 helmet
rElec   .          Harm     .   y - +0 cloak
rCorr   .          Rampage  .   D - +0 pair of gloves
Will    ++...                   (no boots)
Stlth   +.........              (no amulet)
HPRegen 0.17/turn               i - +4 ring of evasion
MPRegen 0.16/turn               q - ring of protection from cold

@: no status effects
A: reduced essence
a: Renounce Religion, Recall Ancestor, Ancestor Identity


You were on level 9 of the Dungeon.
You worshipped Hepliaklqana.
Hepliaklqana was aware of your devotion.
You visited 2 branches of the dungeon, and saw 10 of its levels.
You also visited: Sewer.

You collected 403 gold pieces.

Inventory:

Hand Weapons
 a - a +2 vorpal longbow (weapon)
 f - a +0 shortbow
 m - a +1 rapier
 J - a +4 dagger
Missiles
 w - 4 atropa-tipped darts
Armour
 g - a +0 helmet (worn)
 y - a +0 cloak (worn)
 D - a +0 pair of gloves (worn)
 L - a +3 leather armour of willpower (worn)
 S - the +1 leather armour of the Wasteland {Int+3}
   (You found it on level 9 of the Dungeon)

   Int:       It affects your intelligence (+3).
Magical Staves
 s - a staff of air
 u - a staff of conjuration
Jewellery
 i - a +4 ring of evasion (left hand)
 j - a ring of positive energy
 q - a ring of protection from cold (right hand)
 F - a +6 ring of strength
 O - a ring of see invisible
Wands
 b - a wand of flame (29)
 E - a wand of mindburst (25)
 H - a wand of iceblast (14)
 P - a wand of paralysis (6)
 Q - a wand of charming (4)
Scrolls
 c - a scroll of vulnerability
 e - 6 scrolls of teleportation
 p - 3 scrolls of amnesia
 t - 2 scrolls of summoning
 v - a scroll of blinking {unknown}
 z - 2 scrolls of poison
 A - a scroll of fear {unknown}
 C - a scroll of noise {unknown}
 K - 2 scrolls of fog
 N - a scroll of magic mapping {unknown}
 R - a scroll of enchant armour {unknown}
Potions
 d - 2 potions of attraction
 h - 2 potions of mutation {unknown}
 k - 2 potions of might
 l - 2 potions of lignification
 n - a potion of haste
 o - a potion of curing
 r - a potion of berserk rage
 x - a potion of invisibility {unknown}
 B - 2 potions of degeneration {unknown}
 G - a potion of cancellation {unknown}
 I - a potion of magic {unknown}
 M - 2 potions of brilliance {unknown}


   Skills:
 + Level 4.3 Fighting
 * Level 15.2 Bows
 - Level 3.0 Armour
 - Level 3.0 Dodging
 - Level 4.0 Spellcasting
 + Level 5.6 Hexes
 - Level 3.0 Translocations
 - Level 3.0 Transmutations
 - Level 2.0 Fire Magic


You had 8 spell levels left.
You knew the following spells:

 Your Spells              Type           Power      Damage    Failure   Level
a - Slow                  Hex            100%       N/A       1%          1
b - Portal Projectile     Hex/Tloc       40%        N/A       10%         3
c - Inner Flame           Hex/Fire       18%        N/A       12%         3
d - Wereblood             Tmut           15%        N/A       9%          2

Your spell library contained the following spells:

 Spells                   Type           Power      Damage    Failure   Level
 Cause Fear               Hex            12%        N/A       19%         4
 Magic Dart               Conj           12%        1d3       21%         1
 Searing Ray              Conj           6%         2d4       30%         2
 Sublimation of Blood     Necr           3%         N/A       30%         2
 Ignite Poison            Fire/Tmut/Pois 10%        N/A       30%         3
 Call Canine Familiar     Summ           3%         N/A       52%         3
 Mephitic Cloud           Conj/Pois/Air  3%         N/A       52%         3
 Stone Arrow              Conj/Erth      6%         3d7       52%         3
 Fulminant Prism          Conj/Hex       7%         3d7       52%         4
 Leda's Liquefaction      Hex/Erth       7%         N/A       52%         4
 Summon Mana Viper        Hex/Summ       14%        N/A       86%         5
 Animate Armour           Summ/Erth      6%         N/A       89%         4
 Freezing Cloud           Conj/Ice/Air   1%         6-21      99%         5
 Lightning Bolt           Conj/Air       1%         1d12      99%         5
 Summon Hydra             Summ           1%         N/A       100%        7
 Lehudib's Crystal Spear  Conj/Erth      1%         10d2      100%        8


Dungeon Overview and Level Annotations

Branches:
Dungeon (9/15)             Temple (1/1) D:6           Sewer (visited)
   Lair: D:8-11         Orc: D:9-12

Altars:
Ashenzari
Cheibriados
Dithmenos
Elyvilon
Fedhas
Gozag
Hepliaklqana
Kikubaaqudgha
Makhleb
Nemelex Xobeh
Okawaru
Qazlal
Ru
Sif Muna
Trog
Uskayaw
Vehumet
Wu Jian
Xom
Yredelemnul
Zin
The Shining One

Annotations:
D:3 2 transporters


Message History

You shoot an arrow. The arrow hits the yak.
The yak is lightly wounded.
The yak barely misses you.
The yak closely misses Sizwe.
Unknown command.
Shoot: a) +2 longbow (vorpal)
Press: ? - help, Q - select action, (/) - cycle Shift-Dir - straight line, f/p - yak
Aim: a yak (lightly wounded, ally target, 78% to hit)
You shoot an arrow. The arrow hits the yak.
The yak is moderately wounded.
The yak barely misses you.
Sizwe barely misses the yak.
Shoot: a) +2 longbow (vorpal)
Press: ? - help, Q - select action, (/) - cycle Shift-Dir - straight line, f/p - yak
Aim: a yak (moderately wounded, ally target, 78% to hit)
You shoot an arrow. The arrow hits the yak.
The yak is moderately wounded.
The yak gores you.
The yak closely misses Sizwe.
Sizwe hits the yak but does no damage.
Shoot: a) +2 longbow (vorpal)
Press: ? - help, Q - select action, (/) - cycle Shift-Dir - straight line, f/p - yak
Aim: a yak (moderately wounded, ally target, 78% to hit)
You shoot an arrow. The arrow hits the yak!
The yak is almost dead.
The yak gores you!
The yak gores Sizwe!
Sizwe hits the yak.
Shoot: a) +2 longbow (vorpal)
Press: ? - help, Q - select action, (/) - cycle Shift-Dir - straight line, f/p - yak
Aim: a yak (almost dead, 78% to hit)
You shoot an arrow. The arrow completely misses the yak.
The yak completely misses you. The yak gores you.
* * * LOW HITPOINT WARNING * * *
The yak gores Sizwe!
Sizwe hits the yak!
The yak gores Sizwe!
The yak gores you!
* * * LOW HITPOINT WARNING * * *
The yak misses you.
Shoot: a) +2 longbow (vorpal)
Press: ? - help, Q - select action, (/) - cycle Shift-Dir - straight line, f/p - yak
Aim: a yak (almost dead, 78% to hit)
Okay, then.
You feel better.
Sizwe hits the yak.
The yak gores you but does no damage.
The yak gores Sizwe.
The yak gores you!
You die...

#... . ............ . ... ..
...#...........##. .# ... .
#..#.......#....<. .##
.........# ..#.......####Z.)
..##.......... .......... ...#.
...............##...........F..
.
..>.#...[.....##...............
.
...###...≈≈≈.....Y.............
.
...###...≈≈≈....@R.........#...
.
...##....≈≈≈≈....YY......###...
. .......#..≈≈≈.............
.................#.#......
).........#......####.....
................## .....
.......###.......#. ....
......###........... ...
..................... ...


You could see the friendly Sizwe the ancestor and 3 yaks.

Vanquished Creatures
  A two-headed ogre (D:8)
  Psyche (D:8)
  2 wyverns
  Eustachio (D:5)
  Edmund (D:5)
  2 water moccasins
  A sky beast (D:8)
  2 ice beasts
  A black bear (D:5)
  2 ogres
  3 centaurs
  A phantom (D:5)
  A gnoll sergeant (D:8)
  A bullfrog (D:7)
  3 scorpions
  3 necrophages (D:9)
  A wyvern zombie (D:9)
  10 wights
  6 killer bees (D:8)
  An electric eel (D:8)
  An orc priest (D:8)
  3 hounds
  A gnoll shaman (D:4)
  A jelly (D:5)
  3 orc wizards (D:6)
  2 iguanas
  10 gnolls
  10 adders
  A river rat (Sewer)
  2 shadow imps
  3 dart slugs
  22 orcs
  10 ball pythons
  2 bats (D:3)
  7 endoplasms
  3 giant cockroaches
  7 goblins
  4 hobgoblins
  5 jackals
  11 kobolds
  3 quokkas
  3 frilled lizards
  3 rats
161 creatures vanquished.

Vanquished Creatures (collateral kills)
  A yak (D:9)
  A bullfrog (D:9)
  A centaur zombie (D:9)
3 creatures vanquished.

Vanquished Creatures (others)
  An ancestor (D:8)
  13 plants
  A withered plant (D:9)
15 creatures vanquished.

Grand Total: 179 creatures vanquished

Notes
Turn   | Place    | Note
-------+----------+-------------------------------------------
     0 | D:1      | Toastz the Deep Elf Arcane Marksman began the quest for the
                  | Orb.
     0 | D:1      | Reached XP level 1. HP: 11/11 MP: 5/5
    36 | D:1      | Reached skill level 1 in Fighting
    36 | D:1      | Reached skill level 3 in Bows
   136 | D:1      | Reached XP level 2. HP: 16/16 MP: 4/6
   512 | D:1      | Reached skill level 4 in Bows
   834 | D:2      | Reached XP level 3. HP: 20/20 MP: 7/7
   895 | D:2      | Learned a level 3 spell: Portal Projectile
  1310 | D:2      | Identified a scroll of acquirement
  1311 | D:2      | Acquired a +1 vorpal longbow
  1533 | D:3      | Found a transporter.
  1548 | D:3      | Found a transporter.
  1754 | D:3      | Reached XP level 4. HP: 26/26 MP: 8/8
  1792 | D:3      | Reached skill level 1 in Translocations
  1820 | D:3      | Reached skill level 5 in Bows
  2109 | D:3      | Found a bloodstained altar of Trog.
  2459 | D:4      | Reached XP level 5. HP: 5/30 MP: 1/9
  2759 | D:4      | Found a burning altar of Makhleb.
  2759 | D:4      | Noticed a cacodemon
  2803 | D:4      | Found a stormy altar of Qazlal.
  3175 | D:5      | Entered Level 5 of the Dungeon
  3177 | D:5      | Noticed an ice beast
  3184 | D:4      | Reached skill level 6 in Bows
  3354 | D:4      | Learned a level 3 spell: Inner Flame
  3650 | D:4      | Noticed an ogre
  3684 | D:4      | Killed an ogre
  3685 | D:4      | Reached XP level 6. HP: 8/36 MP: 5/10
  4706 | D:5      | Reached skill level 7 in Bows
  4749 | D:5      | Reached XP level 7. HP: 14/41 MP: 11/11
  5443 | D:4      | Reached skill level 8 in Bows
  5643 | D:5      | Noticed Edmund
  5645 | D:5      | Noticed Eustachio
  5661 | D:5      | Killed Edmund
  5662 | D:5      | Reached skill level 9 in Bows
  5662 | D:5      | Reached skill level 1 in Fire Magic
  5723 | D:5      | Killed Eustachio
  5724 | D:5      | Reached XP level 8. HP: 35/48 MP: 4/12
  6107 | D:6      | Found a glowing drain.
  6119 | Sewer    | Entered a sewer
  6570 | D:6      | Reached skill level 10 in Bows
  6570 | D:6      | Reached skill level 1 in Armour
  7032 | D:6      | Reached skill level 11 in Bows
  7114 | D:6      | Found a staircase to the Ecumenical Temple.
  7171 | Temple   | Entered the Ecumenical Temple
  7458 | Temple   | Became a worshipper of Hepliaklqana the Forgotten
  7564 | D:6      | Reached skill level 5 in Hexes
  7856 | D:7      | Got Himo's Volume of Lethal Calling
  8111 | D:7      | Reached skill level 12 in Bows
  8111 | D:7      | Reached XP level 9. HP: 52/52 MP: 8/15
  8654 | D:8      | Learned a level 2 spell: Wereblood
  8659 | D:8      | Noticed a two-headed ogre
  8691 | D:8      | Killed a two-headed ogre
  8692 | D:8      | Reached skill level 13 in Bows
  9314 | D:8      | Reached skill level 14 in Bows
  9542 | D:8      | Reached * piety under Hepliaklqana
 10100 | D:9      | Found a broken altar of Ashenzari.
 10133 | D:9      | Reached XP level 10. HP: 50/50 MP: 14/18
 10163 | D:9      | Noticed Psyche
 10166 | D:9      | Noticed a boulder beetle
 10201 | D:8      | Killed Psyche
 10202 | D:8      | Reached skill level 15 in Bows
 10380 | D:9      | Identified the +1 leather armour of the Wasteland {Int+3}
 10429 | D:9      | HP: 2/52 [yak (13)]
 10430 | D:9      | Slain by a yak

Illustrated notes

Levels and vault maps discovered:
D:1:      lightli_arrival_isolated_outpost, layout_basic
D:2:      layout_basic
D:3:      gammafunk_steamed_eel, layout_basic, lightli_temple_of_fire
D:4:      layout_basic, makhleb_altar_promises_db, lemuel_doored_altar,
          sigmund_army
D:5:      layout_basic, uniq_eustachio, uniq_edmund
D:6:      layout_cave_pools, minmay_temple_entry_fiery, portal_sewer_entry_a
D:7:      layout_basic, minmay_misc_feat_columns
D:8:      layout_loops_ring, serial_bayou_pond_b, chequers_serial_rivers_marsh,
          nicolae_underground_beach
D:9:      layout_cave_pools, lemuel_tele_altar, minmay_orc_entry_temple_small,
          serial_undead, serial_undead_e, serial_undead_f, serial_undead_a,
          serial_undead_e, uniq_psyche
Temple:   dpeg_five_rooms_temple

Skill      XL: |  1  2  3  4  5  6  7  8  9 10 |
---------------+-------------------------------+-----
Fighting       | 1 2 3 4 |  4.3
Bows           | 3 4 5 6 7 9 12 14 15 | 15.2
Translocations | 1 2 3 |  3.0
Fire Magic     | 2 |  2.0
Armour         | 2 3 |  3.0
Hexes          | 5 |  5.6
Dodging        | 3 |  3.0
Spellcasting   | 3 4 |  4.0
Transmutations | 3 |  3.0

Action                   |  1- 3 |  4- 6 |  7- 9 | 10-12 || total
-------------------------+-------+-------+-------+-------++-------
 Fire: Shortbow          |    79 |       |       |       ||    79
       Longbow           |    10 |    85 |   262 |    42 ||   399
 Cast: Slow              |     9 |    11 |     8 |       ||    28
       Portal Projectile |       |     3 |    19 |     1 ||    23
       Inner Flame       |       |       |     1 |       ||     1
Invok: Recall Ancestor   |       |       |       |     1 ||     1
  Use: Scroll            |    11 |     3 |     4 |       ||    18
       Potion            |       |     1 |     2 |     2 ||     5
Armor: Robe              |     4 |     9 |    10 |       ||    23
       Leather armour    |       |       |    24 |     3 ||    27
Dodge: Dodged            |    10 |    39 |    96 |    12 ||   157

Table legend: (Time is in decaauts)
 A = Elapsed time spent in this place.
 B = Non-inter-level travel time spent in this place.
 C = Inter-level travel time spent in this place.
 D = Time resting spent in this place.
 E = Time spent auto-exploring this place.
 F = Levels seen in this place.
 G = Mean time per level.
                   A        B        C        D        E       F      G
               +--------+--------+--------+--------+--------+-----+--------+
         Total |  10654 |   9988 |    666 |   2849 |   5614 |  11 |  968.5 |
       Dungeon |   9785 |   9195 |    590 |   2800 |   4939 |   9 | 1087.2 |
        Temple |    336 |    260 |     76 |      0 |    247 |   1 |  336.0 |
         Sewer |    532 |    532 |      0 |     49 |    428 |   1 |  532.0 |
               +--------+--------+--------+--------+--------+-----+--------+

Top non-repeatable levels by time:
     D:4: 2481 daAuts
     D:8: 1719 daAuts
     D:5: 1261 daAuts
     D:3: 1027 daAuts
     D:6: 876 daAuts
     D:1: 844 daAuts
     D:7: 685 daAuts
     D:2: 591 daAuts
   Sewer: 532 daAuts
  Temple: 336 daAuts
     D:9: 296 daAuts
